 Dungeon Crawl Stone Soup version 0.20-a0-537-g052e6ba (webtiles) character file.

5181 KristoblXynda the Covert (level 10, -8/52 HPs)
             Began as an Octopode Venom Mage on Jan 27, 2017.
             Was a Believer of Vehumet.
             Killed from afar by a battlesphere (15 damage)
             ... created by Syneil's ghost
             ... on level 10 of the Dungeon.
             The game lasted 00:33:36 (9915 turns).

KristoblXynda the Covert (Octopode Venom Mage)      Turns: 9915, Time: 00:33:36

Health: -8/52      AC:  4    Str:  7    XL:     10   Next: 60%
Magic:  5/18       EV: 15    Int: 22    God:    Vehumet [**....]
Gold:   457        SH:  0    Dex: 12    Spells: 9/20 levels left

rFire    . . .     SeeInvis +   c - +11 war axe of Hyelak {distort, rPois rN+}
rCold    . . .     Gourm    .   (no shield)
rNeg     + . .     Faith    .   (helmet restricted)
rPois    +         Spirit   .   (no amulet)
rElec    .         Reflect  .   d - ring of see invisible
rCorr    .         Harm     .   k - +2 ring of protection
MR       .....                  (no ring)
Stlth    ++++++....             (no ring)
Regen    0.2/turn               (no ring)
                                (no ring)
                                (no ring)
                                (no ring)

@: flying, very slightly contaminated, hasted, very quick
A: almost no armour, stealthy swim, amphibious, 8 rings, constrict 8, rugged
brown scales 1, camouflage 1, frail 1, gelatinous body 1
a: Renounce Religion


You were on level 10 of the Dungeon.
You worshipped Vehumet.
Vehumet was pleased with you.
You were not hungry.

You visited 2 branches of the dungeon, and saw 11 of its levels.
You also visited: Sewer.

You collected 457 gold pieces.

Inventory:

Hand Weapons
 c - the +11 war axe of Hyelak (weapon) {distort, rPois rN+}
   (You found it on level 4 of the Dungeon)

   It warps and distorts space around it.
   Unwielding it can cause banishment or high damage.
   It protects you from poison.
   It protects you from negative energy.
 i - a +4 short sword of protection
 v - a +0 short sword
 w - the +1 dagger of Trauma {flame, rF+}
   (You found it on level 6 of the Dungeon)

   It has been specially enchanted to burn those struck by it, causing extra
   injury to most foes and up to half again as much damage against particularly
   susceptible opponents.
   It protects you from fire.
Jewellery
 d - a ring of see invisible (left tentacle)
 k - a +2 ring of protection (right tentacle)
Wands
 f - a wand of flame (18/48)
 y - a wand of polymorph (15/24)
 B - a wand of random effects (8/48)
Scrolls
 e - 3 scrolls of fear
 n - 2 scrolls of remove curse
 p - a scroll of magic mapping
 s - 5 scrolls of identify
 t - a scroll of enchant armour
Potions
 g - 4 potions of curing
 j - 3 potions of agility
 l - 3 potions of haste
 m - a potion of ambrosia
 o - 2 potions of might
 q - a potion of brilliance
 r - 2 potions of flight
Books
 a - a Young Poisoner's Handbook

   Spells                             Type                      Level
   a - Sting                          Conjuration/Poison           1
   b - Poisonous Vapours              Poison/Air                   2
   c - Mephitic Cloud                 Conjuration/Poison/Air       3
   d - Olgreb's Toxic Radiance        Poison                       4
   e - Venom Bolt                     Conjuration/Poison           5
 u - a book of Minor Magic

   Spells                             Type                      Level
   a - Magic Dart                     Conjuration                  1
   b - Blink                          Translocation                2
   c - Call Imp                       Summoning                    2
   d - Repel Missiles                 Charms/Air                   2
   e - Slow                           Hexes                        2
   f - Conjure Flame                  Conjuration/Fire             3
   g - Mephitic Cloud                 Conjuration/Poison/Air       3
Comestibles
 b - 9 bread rations
 h - 2 meat rations
 A - 3 fruits


   Skills:
 + Level 8.4 Axes
 + Level 4.4 Dodging
 - Level 11.1 Stealth
 - Level 5.5 Spellcasting
 + Level 5.0 Conjurations
 - Level 4.1 Charms
 - Level 3.0 Air Magic
 - Level 4.1 Poison Magic


You had 9 spell levels left.
You knew the following spells:

 Your Spells              Type           Power        Failure   Level  Hunger
a - Magic Dart            Conj           ####         1%          1    None
b - Mephitic Cloud        Conj/Pois/Air  ###.....     8%          3    ##.....
c - Repel Missiles        Chrm/Air       ###...       4%          2    None
d - Blink                 Tloc           N/A          17%         2    None
e - Conjure Flame         Conj/Fire      ###.....     12%         3    ##.....


Dungeon Overview and Level Annotations

Branches:
Dungeon (10/15)            Temple (1/1) D:6
   Lair: D:8-11         Orc: D:9-12

Altars:
Ashenzari
Cheibriados
Dithmenos
Elyvilon
Fedhas
Gozag
Hepliaklqana
Kikubaaqudgha
Makhleb
Nemelex Xobeh
Okawaru
Qazlal
Ru
Sif Muna
Trog
Uskayaw
Vehumet
Xom
Yredelemnul
Zin
The Shining One

Shops:
D:4 :

Annotations:
D:8 Kidiri's ghost, novice DEFE
D:10 Syneil's ghost, novice DECj
Abyss:1 Pikel


Innate Abilities, Weirdness & Mutations

You cannot wear most types of armour.
You are very stealthy in the water. (Stealth+)
You are amphibious.
You can wear up to eight rings at the same time.
You can use your tentacles to constrict eight enemies at once.
Your skin changes colour to match your surroundings (Stealth+).
Your rubbery body absorbs attacks. (AC +1, EV +1)
You are partially covered in rugged brown scales. (AC +1, +3% HP)
You are frail. (-10% HP)


Message History

Aiming: Random Effects (will waste charges)
Press: ? - help, Shift-Dir - straight line, f/p - Syneil's ghost
Aim: Syneil's ghost, wielding a weapon of freezing (heavily damaged, slightly transparent, covering ground quickly, repelling missiles) Syneil's ghost resists with almost no effort.
Evoking this partially-identified wand wasted a few charges.
The jackal misses you.
You feel very buoyant.
You fly up into the air.
The jackal bites you.
The jackal bites you but does no damage.
Syneil's ghost grins evilly.
Syneil's ghost hits you! Syneil's ghost freezes you.
You feel yourself speed up. The jackal closely misses you.
Syneil's ghost closely misses you.
A jackal comes into view.
Syneil's ghost points at you and mumbles some strange words.
The magic dart hits you!
* * * LOW HITPOINT WARNING * * *
The battlesphere fires!
The barrage of energy hits you!
The jackal barks!
You die...

#...#.....#..#...
#...#.....#..#...
#...#.....#..####
#...+.....#......
#...#####'#......
#.*..............
##................
#....#############
#@...'h...........
#....#............
#hW..#............
#....#............
#....#.........[..
##...###..........
#.....######'####
#...(.. ...
........ ###


You could see a battlesphere, Syneil's ghost (invisible) and 2 jackals.

Vanquished Creatures
  A two-headed ogre (D:8)
  A deep elf mage (D:9)
  A centaur zombie (D:10)
  Grinder (D:6)
  Prince Ribbit (D:7)
  A redback (D:8)
  A wyvern (D:8)
  3 orc warriors
  An ice beast (D:9)
  2 slaves (D:4)
  A sky beast (D:7)
  2 ogres
  A centaur (D:6)
  2 big kobolds
  6 bullfrogs
  2 scorpions (D:7)
  2 howler monkeys (D:8)
  5 crimson imps
  6 hounds
  2 quasits
  A centaur skeleton (D:7)
  4 orc wizards
  8 orc priests
  2 jellies
  2 bullfrog skeletons
  2 iguanas
  3 worker ants
  A hound skeleton (D:5)
  A worker ant zombie (D:6)
  16 adders
  9 river rats
  A shadow imp (D:9)
  3 oozes
  An adder zombie (D:6)
  6 worms
  3 dart slugs
  6 leopard geckos
  27 orcs
  8 bats
  5 giant cockroaches
  4 hobgoblins
  16 jackals
  3 quokkas
  5 ball pythons
  5 frilled lizards
  8 goblins
  24 kobolds
  32 rats
248 creatures vanquished.

Vanquished Creatures (others)
  A kobold demonologist (D:9)
  A spriggan (D:7)
  A howler monkey (D:8)
  A hound (D:4)
  A worker ant (D:4)
  A rat (D:4)
6 creatures vanquished.

Grand Total: 254 creatures vanquished

Notes
Turn   | Place    | Note
-------+----------+-------------------------------------------
     0 | D:1      | KristoblXynda the Octopode Venom Mage began the quest for the Orb.
     0 | D:1      | Reached XP level 1. HP: 11/11 MP: 3/3
   314 | D:1      | Reached XP level 2. HP: 17/17 MP: 5/5
   614 | D:1      | Found a glowing golden altar of the Shining One.
   650 | D:1      | Reached XP level 3. HP: 11/21 MP: 3/6
  1076 | D:2      | Learned a level 3 spell: Mephitic Cloud
  1275 | D:2      | Reached skill level 3 in Stealth
  1634 | D:2      | Reached XP level 4. HP: 26/27 MP: 8/8
  2926 | D:3      | Reached XP level 5. HP: 19/31 MP: 9/9
  3063 | D:3      | Found a shattered altar of Ashenzari.
  3558 | D:4      | Got a fine war axe
  3559 | D:4      | Identified the +11 war axe of Hyelak {distort, rPois rN+} (You found it on level 4 of the Dungeon)
  3588 | D:4      | Reached skill level 4 in Stealth
  3645 | D:4      | Noticed Pikel
  3645 | D:4      | Noticed a slave
  3645 | D:4      | Noticed a slave
  3646 | D:4      | Noticed a slave
  3646 | D:4      | Noticed a slave
  3651 | D:4      | Killed a slave
  3654 | D:4      | Killed a slave
  3657 | D:4      | Banished Pikel
  3657 | D:4      | Reached skill level 5 in Stealth
  3657 | D:4      | Reached XP level 6. HP: 28/36 MP: 2/11
  3657 | D:4      | Reached XP level 7. HP: 32/41 MP: 2/12
  3835 | D:4      | Reached skill level 6 in Stealth
  3962 | D:4      | Found a glowing drain.
  3982 | Sewer    | Entered a sewer
  4837 | D:4      | Found Lyvoywan's Book Boutique.
  4940 | D:4      | Reached skill level 7 in Stealth
  4944 | D:4      | Reached XP level 8. HP: 46/46 MP: 13/13
  5102 | D:5      | Entered Level 5 of the Dungeon
  5155 | D:5      | Found a hide-covered altar of Uskayaw.
  5208 | D:5      | Noticed a dagger
  5208 | D:5      | Noticed a dagger
  5584 | D:5      | Learned a level 1 spell: Magic Dart
  5587 | D:5      | Learned a level 2 spell: Repel Missiles
  5590 | D:5      | Learned a level 2 spell: Blink
  5738 | D:6      | Got a polished dagger
  5739 | D:6      | Identified the +1 dagger of Trauma {flame, rF+} (You found it on level 6 of the Dungeon)
  5960 | D:6      | Reached skill level 8 in Stealth
  6043 | D:6      | Found a staircase to the Ecumenical Temple.
  6049 | Temple   | Entered the Ecumenical Temple
  6206 | D:6      | Reached skill level 5 in Axes
  6401 | D:6      | Reached skill level 5 in Spellcasting
  6652 | D:6      | Noticed Grinder
  6677 | D:6      | Killed Grinder
  6677 | D:6      | Reached skill level 9 in Stealth
  6677 | D:6      | Reached XP level 9. HP: 20/51 MP: 9/17
  6947 | D:7      | Noticed Prince Ribbit
  6960 | D:7      | Killed Prince Ribbit
  6960 | D:7      | Reached skill level 1 in Charms
  6996 | D:7      | Found a radiant altar of Vehumet.
  7007 | D:7      | Became a worshipper of Vehumet
  7376 | D:7      | Reached skill level 10 in Stealth
  7579 | D:7      | Gained mutation: You are frail. (-10% HP) [mutagenic meat]
  7580 | D:7      | Gained mutation: You are partially covered in rugged brown scales. (AC +1, +3% HP) [mutagenic meat]
  7810 | D:8      | Found a shadowy altar of Dithmenos.
  8049 | D:8      | Noticed a two-headed ogre
  8069 | D:8      | Noticed a two-headed ogre
  8075 | D:8      | HP: 1/47 [two-headed ogre/giant spiked club (25)]
  8079 | D:8      | a two-headed ogre changed into a redback
  8083 | D:8      | Killed a two-headed ogre
  8256 | D:8      | Learned a level 3 spell: Conjure Flame
  8273 | D:8      | Reached * piety under Vehumet
  8273 | D:8      | Offered knowledge of Freeze by Vehumet.
  8273 | D:8      | Reached skill level 11 in Stealth
  8273 | D:8      | Reached XP level 10. HP: 49/52 MP: 9/18
  8766 | D:8      | Noticed Kidiri's ghost (novice DEFE)
  9287 | D:9      | Found a white marble altar of Elyvilon.
  9445 | D:9      | Offered knowledge of Searing Ray by Vehumet.
  9447 | D:9      | Reached ** piety under Vehumet
  9534 | D:9      | Noticed a deep elf mage
  9534 | D:9      | Noticed a deep elf mage
  9538 | D:9      | Noticed a kobold demonologist
  9546 | D:9      | Killed a deep elf mage
  9567 | D:9      | Noticed a manticore
  9569 | D:9      | Banished a kobold demonologist
  9578 | D:9      | Noticed a fire dragon
  9792 | D:10     | Entered Level 10 of the Dungeon
  9878 | D:10     | Noticed Syneil's ghost (novice DECj)
  9885 | D:10     | Reached skill level 5 in Conjurations
  9915 | D:10     | Killed from afar by a battlesphere

Vault maps used:
D:1:      matt_arrival_refuge, tso_altar
D:2:      cheibrodos_helix_gallery
D:3:      cheibrodos_ashenzari_chains, first_bread
D:4:      serial_shops, shop, portal_sewer_entry_b, uniq_pikel
D:5:      dancing_weapons_uskayaw
D:6:      minmay_temple_entry_enclosed_plants, uniq_grinder
D:7:      vehumet_altar_wand_db, the_bakery, uniq_prince_ribbit1
D:8:      nicolae_dithmenos_through_a_glass_darkly, kennysheep_kite_vault
D:9:      lemuel_doored_altar, minmay_the_grid_3x2
D:10:     lemuel_mausoleum_altar_kikubaaqudgha
Temple:   regret_index_temple_waves
Sewer:    sewer_minmay_treatment

Skill      XL: |  1  2  3  4  5  6  7  8  9 10 |
---------------+-------------------------------+-----
Poison Magic   | 4 |  4.1
Stealth        | 3 5 7 9 11 | 11.1
Conjurations   | 2 3 5 |  5.0
Spellcasting   | 3 5 |  5.5
Axes           | 2 4 5 7 8 |  8.4
Air Magic      | 2 3 |  3.0
Charms         | 4 |  4.1
Dodging        | 4 |  4.4

Action                   |  1- 3 |  4- 6 |  7- 9 | 10-12 || total
-------------------------+-------+-------+-------+-------++-------
Melee: Dagger            |    28 |       |       |       ||    28
       Constrict         |    15 |    24 |    34 |    15 ||    88
       Tentacles         |    13 |    12 |    17 |     6 ||    48
       Unarmed           |     2 |       |       |       ||     2
       Short sword       |    19 |    98 |       |       ||   117
       War axe           |       |     7 |   201 |    86 ||   294
 Cast: Sting             |    20 |       |     3 |       ||    23
       Mephitic Cloud    |       |    13 |    20 |    11 ||    44
       Magic Dart        |       |       |    10 |    28 ||    38
       Conjure Flame     |       |       |       |     5 ||     5
Evoke: Wand              |       |       |     1 |    12 ||    13
  Use: Scroll            |     4 |     5 |    13 |     3 ||    25
       Potion            |       |     2 |     2 |     4 ||     8
 Stab: Sleeping          |     8 |     5 |    35 |     7 ||    55
       Distracted        |       |     1 |       |       ||     1
       Confused          |       |     3 |     3 |     1 ||     7
  Eat: Chunk             |     2 |     6 |    13 |       ||    21
       Fruit             |       |     1 |     6 |       ||     7
       Royal jelly       |       |       |     1 |       ||     1
       Meat ration       |       |       |       |     1 ||     1
Armor: Skin              |     5 |    44 |    25 |    12 ||    86
Dodge: Dodged            |    29 |    92 |   107 |    55 ||   283
